2942 views
Uploaded 2020-06-21 16:59:51
Game version 1.32.6 / 1.32.7
16:43 long 1on1 ladder game on (2)EchoIsles
Saved by Choop
2942 views
Uploaded 2020-06-21 16:59:51
Game version 1.32.6 / 1.32.7
16:43 long 1on1 ladder game on (2)EchoIsles

30 units @ 4.4k
/ 0.2k
13 buildings @ 2.3k
/ 0.7k


| Healing Salve | 5 | 500 |
| Lesser Clarity Potion | 4 | 280 |
| Scroll of Speed | 2 | 100 |
| Potion of Healing | 1 | 150 |
| Potion of Mana | 2 | 400 |
| Scroll of Healing | 1 | 250 |
| Potion of Lesser Invulnerability | 1 | 150 |
| total: | 16 | 1830g |
| Peon | 8 | 600 | / | 0 |
| Grunt | 13 | 2600 | / | 0 |
| Shaman | 9 | 1170 | / | 180 |
| total: | 30 | 4370g | / | 180w |
| Altar of Storms | 1 | 180 | / | 50 |
| Orc Burrow | 6 | 960 | / | 240 |
| Voodoo Lounge | 2 | 260 | / | 60 |
| Barracks | 1 | 180 | / | 50 |
| War Mill | 1 | 205 | / | 0 |
| Great Hall | 1 | 385 | / | 185 |
| Spirit Lodge | 1 | 150 | / | 150 |
| Stronghold | 1 | 315 | / | 190 |
| Fortress | 1 | 325 | / | 190 |
| total: | 13 | 2320g | / | 735w |
| 0:02 | Peon |
| 0:06 | Altar of Storms |
| 0:13 | Peon |
| 0:21 | Orc Burrow |
| 0:25 | Peon |
| 0:42 | Voodoo Lounge |
| 0:46 | Peon |
| 0:53 | Peon |
| 1:12 | Peon |
| 1:13 | Peon |
| 1:28 | Barracks |
| 2:01 | Orc Burrow |
| 2:08 | Feral Spirit |
| 2:11 | Healing Salve |
| 2:11 | Lesser Clarity Potion |
| 2:12 | Scroll of Speed |
| 2:31 | Grunt |
| 2:54 | Stronghold |
| 3:13 | Grunt |
| 3:44 | Grunt |
| 4:18 | Orc Burrow |
| 4:19 | Orc Burrow |
| 4:21 | War Mill |
| 5:07 | Chain Lighting |
| 5:33 | Spirit Lodge |
| 6:21 | Healing Salve |
| 6:22 | Lesser Clarity Potion |
| 6:22 | Scroll of Speed |
| 6:23 | Potion of Healing |
| 6:25 | War Stomp |
| 6:31 | Grunt |
| 6:32 | Grunt |
| 6:47 | Voodoo Lounge |
| 7:42 | Shaman |
| 7:42 | Shaman Adept Training |
| 7:46 | Orc Burrow |
| 8:49 | Feral Spirit |
| 8:51 | Endurance Aura |
| 8:55 | Healing Salve |
| 8:55 | Healing Salve |
| 9:14 | Shaman |
| 9:14 | Shaman |
| 9:16 | Berserker Strength |
| 9:16 | Grunt |
| 9:17 | Grunt |
| 9:18 | Steel Melee Weapons |
| 9:18 | Steel Armor |
| 9:53 | Scroll of Healing |
| 10:04 | Potion of Lesser Invulnerability |
| 10:23 | Pillage |
| 10:55 | Great Hall |
| 11:02 | Thorium Melee Weapons |
| 12:18 | Orc Burrow |
| 12:20 | Thorium Armor |
| 12:22 | War Stomp |
| 12:50 | Chain Lighting |
| 13:10 | Shaman |
| 13:10 | Shaman |
| 13:10 | Shaman |
| 13:10 | Shaman |
| 13:32 | Peon |
| 13:35 | Shaman |
| 13:35 | Shaman |
| 13:35 | Grunt |
| 13:36 | Grunt |
| 13:36 | Grunt |
| 14:46 | Grunt |
| 14:51 | Fortress |
| 14:54 | Healing Salve |
| 14:59 | Lesser Clarity Potion |
| 15:03 | Lesser Clarity Potion |
| 15:05 | Endurance Aura |
| 15:07 | Potion of Mana |
| 15:09 | Potion of Mana |
| 15:45 | Grunt |
| 15:45 | Grunt |
| 16:31 | Feral Spirit |
| Right click | 636 |
| Select | 271 |
| Select group | 253 |
| Misc. action | 136 |
| Build/train/purchase | 91 |
| Assign group | 79 |
| Use ability | 30 |
| Chat | 4 |
| Item give/drop | 2 |
| Minimap ping | 1 |
33 units @ 4.9k
/ 0.4k
22 buildings @ 2.3k
/ 1k


| Scroll of Regeneration | 1 | 100 |
| Potion of Mana | 1 | 200 |
| Potion of Healing | 1 | 150 |
| total: | 3 | 450g |
| Peasant | 7 | 525 | / | 0 |
| Footman | 13 | 1755 | / | 0 |
| Rifleman | 10 | 2050 | / | 300 |
| Spell Breaker | 1 | 215 | / | 30 |
| Sorceress | 1 | 155 | / | 20 |
| Mortar Team | 1 | 180 | / | 70 |
| total: | 33 | 4880g | / | 420w |
| Scout Tower | 5 | 150 | / | 100 |
| Arcane Tower | 4 | 280 | / | 200 |
| Barracks | 2 | 320 | / | 120 |
| Altar of Kings | 1 | 180 | / | 50 |
| Farm | 9 | 720 | / | 180 |
| Arcane Vault | 1 | 130 | / | 30 |
| Blacksmith | 1 | 140 | / | 60 |
| Town Hall | 1 | 385 | / | 205 |
| Arcane Sanctum | 1 | 150 | / | 140 |
| Workshop | 1 | 140 | / | 140 |
| Keep | 1 | 320 | / | 210 |
| total: | 22 | 2315g | / | 1025w |
| 0:04 | Peasant |
| 0:11 | Peasant |
| 0:16 | Barracks |
| 0:21 | Altar of Kings |
| 0:25 | Peasant |
| 0:30 | Farm |
| 0:45 | Peasant |
| 1:00 | Farm |
| 1:03 | Peasant |
| 1:19 | Footman |
| 1:35 | Footman |
| 1:36 | Footman |
| 1:46 | Farm |
| 1:53 | Peasant |
| 2:18 | Black Arrow |
| 2:25 | Defend |
| 2:27 | Peasant |
| 2:34 | Arcane Vault |
| 3:42 | Scout Tower |
| 3:50 | Footman |
| 4:13 | Arcane Tower |
| 4:25 | Footman |
| 4:26 | Footman |
| 4:57 | Life Drain |
| 5:04 | Scout Tower |
| 5:06 | Footman |
| 5:17 | Barracks |
| 5:35 | Arcane Tower |
| 5:40 | Scout Tower |
| 5:42 | Footman |
| 5:43 | Footman |
| 5:43 | Footman |
| 5:43 | Footman |
| 6:15 | Blacksmith |
| 6:17 | Arcane Tower |
| 6:22 | Footman |
| 6:28 | Keep |
| 6:33 | Scout Tower |
| 6:41 | Farm |
| 6:44 | Farm |
| 6:48 | Farm |
| 7:04 | Arcane Tower |
| 7:10 | Footman |
| 7:36 | Farm |
| 7:39 | Rifleman |
| 7:42 | Rifleman |
| 7:52 | Scroll of Regeneration |
| 8:31 | Rifleman |
| 8:33 | Rifleman |
| 9:01 | Farm |
| 9:06 | Iron Plating |
| 10:20 | Town Hall |
| 10:35 | Black Arrow |
| 10:56 | Divine Shield |
| 11:00 | Scout Tower |
| 11:04 | Rifleman |
| 11:44 | Arcane Sanctum |
| 12:50 | Holy Light |
| 13:04 | Life Drain |
| 13:23 | Rifleman |
| 13:26 | Spell Breaker |
| 13:41 | Workshop |
| 13:49 | Potion of Mana |
| 13:57 | Potion of Healing |
| 14:23 | Rifleman |
| 14:48 | Sorceress |
| 14:54 | Rifleman |
| 14:58 | Mortar Team |
| 15:07 | Farm |
| 15:44 | Rifleman |
| 16:21 | Rifleman |
| Right click | 399 |
| Select group | 295 |
| Select | 293 |
| Build/train/purchase | 56 |
| Assign group | 39 |
| Use ability | 5 |
| Esc | 4 |
| Remove unit | 1 |